 Dungeon Crawl Stone Soup version 0.31-a0-833-gc15d34cb79 (webtiles) character file.

Game seed: 16606636851495455213

1819 greasedhog the Spear-Bearer (level 9, 0/54 HPs)
             Began as a Tengu Fighter on Sept 25, 2023.
             Was a Believer of Okawaru.
             Shot with an arrow by a centaur (12 damage)
             ... on level 7 of the Dungeon.
             The game lasted 00:07:26 (5511 turns).

greasedhog the Spear-Bearer (Tengu Fighter)         Turns: 5511, Time: 00:07:27

Health: 0/54       AC:  8    Str: 21    XL:     9   Next: 10%
Magic:  13/13      EV: 29    Int:  9    God:    Okawaru [**....]
Gold:   282        SH:  4    Dex: 13    Spells: 8/8 levels left

rFire   . . .        m - +3 spear (venom)
rCold   . . .        c - +0 buckler
rNeg    + . .        I - +1 ring mail {rPois}
rPois   +            (helmet restricted)
rElec   .            (no cloak)
rCorr   .            G - +0 pair of gloves
SInv    .            (boots unavailable)
Will    .....        x - amulet of regeneration
Stlth   +            v - ring of positive energy
HPRegen 1.09/turn    (no ring)
MPRegen 0.13/turn

%: acrobat
@: acrobatic, flying
A: beak, talons 3, evasive flight, acrobatic
a: Renounce Religion, Heroism


You were on level 7 of the Dungeon.
You worshipped Okawaru.
Okawaru was pleased with you.
You visited 2 branches of the dungeon, and saw 8 of its levels.

You collected 282 gold pieces.

Inventory:

Hand Weapons
 m - a +3 spear of venom (weapon)
Armour
 c - a +0 buckler (worn)
 G - a +0 pair of gloves (worn)
 I - a +1 ring mail of poison resistance (worn)
Jewellery
 a - a ring of willpower
 v - a ring of positive energy (left hand)
 x - an amulet of regeneration (around neck)
 A - an amulet of reflection
Wands
 h - a wand of digging (5)
 u - a wand of iceblast (5)
 B - a wand of flame (20)
 F - a wand of polymorph (9)
 H - a wand of quicksilver (9)
Scrolls
 f - 2 scrolls of enchant weapon
 j - 2 scrolls of revelation
 k - 6 scrolls of teleportation
 l - a scroll of fog {unknown}
 n - 2 scrolls of brand weapon
 s - 2 scrolls of blinking
 y - 3 scrolls of poison
 z - 3 scrolls of fear
 C - a scroll of enchant armour
Potions
 b - a potion of resistance
 d - 5 potions of might
 e - 2 potions of invisibility {unknown}
 g - 3 potions of curing
 i - 2 potions of brilliance {unknown}
 o - a potion of ambrosia {unknown}
 p - a potion of berserk rage {unknown}
 q - a potion of haste {unknown}
 r - 3 potions of heal wounds {unknown}
 t - a potion of enlightenment {unknown}
 E - a potion of attraction {unknown}


   Skills:
 + Level 5.3 Fighting
 * Level 9.6 Polearms
 - Level 5.4 Armour
 - Level 3.0 Shields
 + Level 4.2 Invocations


You had 8 spell levels left.
You didn't know any spells.
Your spell library contained the following spells:

 Spells                   Type           Power      Damage    Failure   Level
 Hailstorm                Conj/Ice       0%         3d3       93%         3
 Summon Small Mammal      Summ           Unusable   N/A       N/A         1
 Call Canine Familiar     Summ           Unusable   N/A       N/A         3
 Summon Guardian Golem    Hex/Summ       Unusable   N/A       N/A         3
 Summon Ice Beast         Ice/Summ       Unusable   N/A       N/A         4
 Simulacrum               Ice/Necr       Unusable   N/A       N/A         6

Dungeon Overview and Level Annotations

Branches:
Dungeon (7/15)             Temple (1/1) D:4

Altars:
Ashenzari
Cheibriados
Dithmenos
Elyvilon
Fedhas
Gozag
Hepliaklqana
Kikubaaqudgha
Makhleb
Nemelex Xobeh
Okawaru
Qazlal
Ru
Sif Muna
Trog
Uskayaw
Vehumet
Wu Jian
Xom
Yredelemnul
Zin
The Shining One


Innate Abilities, Weirdness & Mutations

You have a beak for a mouth.
You have claws for feet.
Your magical flight helps you evade attacks. (EV +4)
You can magically evade attacks while moving or waiting.


Message History

The wight hits you with a +3 war axe! You block the iguana's attack.
You hit the wight. You peck the wight.
The wight is severely damaged.
You closely miss the wight. You claw the wight. Your peck misses the wight.
The wight is almost destroyed.
The centaur completely misses you. The centaur misses you.
The wight hits you with a +3 war axe! The iguana bites you.
You hit the wight.
You destroy the wight!
Okawaru accepts your kill. The centaur misses you.
The centaur kicks you but does no damage.
The iguana bites you! The ice beast hits you. The ice beast freezes you!
You are too injured to fight recklessly!
You are too injured to fight recklessly!
You are too injured to fight recklessly!
You are too injured to fight recklessly!
You are too injured to fight recklessly!
You are too injured to fight recklessly!
You are too injured to fight recklessly!
You are too injured to fight recklessly!
You are too injured to fight recklessly!
You are too injured to fight recklessly!
You are too injured to fight recklessly!
You are too injured to fight recklessly!
You are too injured to fight recklessly!
Unknown command.
The centaur wields a +0 orcbow.
The centaur shoots an arrow.
The arrow closely misses you. The iguana attacks as it pursues you!
The iguana bites you!
* * * LOW HITPOINT WARNING * * *
A wight comes into view. It is wielding a +3 battleaxe.
The centaur shoots an arrow.
You block the arrow.
A wight comes into view. It is wielding a +0 battleaxe.
The centaur shoots an arrow.
You block the arrow.
The iguana hisses menacingly.
The centaur shoots an arrow.
The arrow hits you!
* * * LOW HITPOINT WARNING * * *
The centaur shoots an arrow.
The arrow hits you!
You die...

+............##.#+# #.#.#
#...............#.# #.#..
......###.........#.# #.###
####........#####.#.# #.#
....##........#...#.# #.#
..#.......#.......#.#######.#.#
#.#.......#...#...#.........#.###
#.....#.#.##.#....#...#######....
#.........#.l.Y.@.'...'..........
#.....#...#.c...###.<.#######..##
#...z...z.z......................
....#####....##############.#..#.
...)..#...............)=....##.#^
..#.......z........#####.......#
..#...#............#####'#######
. ##.#........................# .
...........................#


You could see an ice beast, a centaur, an iguana and 2 wights.

Vanquished Creatures
  Maggie (D:7)
  An orc warrior (D:7)
  2 ice beasts (D:6)
  A centaur (D:7)
  2 ogres (D:5)
  A gnoll sergeant (D:7)
  A scorpion (D:6)
  A wight (D:7)
  2 howler monkeys
  A quasit (D:5)
  2 jellies
  5 hounds
  An iguana (D:5)
  A sleepcap (D:5)
  Ijyb (D:4)
  2 orc wizards
  Natasha (thrice) (D:2)
  Robin (D:2)
  6 gnolls
  6 adders
  2 shadow imps (D:5)
  5 white imps (D:5)
  9 ufetubi
  A worm (D:2)
  3 dart slugs
  8 orcs
  3 ball pythons
  4 bats
  4 endoplasms
  3 giant cockroaches
  7 goblins
  8 hobgoblins
  7 jackals
  13 kobolds
  2 quokkas
  4 frilled lizards
  5 rats
129 creatures vanquished.

Notes
Turn   | Place    | Note
-------+----------+-------------------------------------------
     0 | D:1      | greasedhog the Tengu Fighter began the quest for the Orb.
     0 | D:1      | Reached XP level 1. HP: 14/14 MP: 2/2
   145 | D:1      | Reached XP level 2. HP: 19/19 MP: 3/3
   474 | D:1      | Reached skill level 3 in Polearms
   855 | D:2      | Reached XP level 3. HP: 23/23 MP: 4/4
  1003 | D:2      | Noticed Natasha
  1008 | D:2      | Killed Natasha
  1052 | D:2      | Reached skill level 4 in Polearms
  1052 | D:2      | Reached XP level 4. HP: 29/29 MP: 5/5
  1081 | D:2      | Found a faded altar of an unknown god.
  1172 | D:2      | Noticed Natasha
  1183 | D:2      | Killed Natasha
  1226 | D:2      | You fall into a shaft and drop 2 floors!
  1269 | D:4      | Reached XP level 5. HP: 14/33 MP: 6/6
  1366 | D:4      | Reached skill level 5 in Polearms
  1659 | D:2      | Noticed Robin
  1663 | D:2      | Killed Robin
  1877 | D:2      | Noticed Natasha
  1887 | D:2      | Killed Natasha
  1888 | D:2      | Reached XP level 6. HP: 25/39 MP: 7/7
  2104 | D:3      | Found a glowing golden altar of the Shining One.
  2106 | D:3      | Found a hide-covered altar of Uskayaw.
  2890 | D:4      | Found a staircase to the Ecumenical Temple.
  2991 | Temple   | Entered the Ecumenical Temple
  3002 | Temple   | Became a worshipper of Warmaster Okawaru
  3168 | D:4      | Noticed Ijyb
  3175 | D:4      | Killed Ijyb
  3176 | D:4      | Reached skill level 6 in Polearms
  3501 | D:5      | Entered Level 5 of the Dungeon
  3545 | D:5      | Reached skill level 1 in Invocations
  3595 | D:5      | Gained mutation: Your magical flight helps you evade
                  | attacks. (EV +4) [Tengu growth]
  3595 | D:5      | Reached XP level 7. HP: 33/44 MP: 8/8
  3621 | D:5      | Reached skill level 5 in Fighting
  3712 | D:5      | Reached skill level 7 in Polearms
  3729 | D:5      | Reached * piety under Okawaru
  4659 | D:6      | Reached XP level 8. HP: 49/49 MP: 10/10
  4794 | D:6      | Reached skill level 8 in Polearms
  5187 | D:7      | Noticed Maggie
  5209 | D:7      | Killed Maggie
  5209 | D:7      | Reached ** piety under Okawaru
  5210 | D:7      | Reached skill level 9 in Polearms
  5210 | D:7      | Reached skill level 5 in Armour
  5368 | D:7      | Reached XP level 9. HP: 26/54 MP: 11/13
  5511 | D:7      | Shot with an arrow by a centaur

Illustrated notes

Levels and vault maps discovered:
D:1:      lemuel_arrival_broad_hall, layout_basic
D:2:      layout_loops_ring, shapermc_ecumenical_altar_ellora, uniq_natasha,
          uniq_robin
D:3:      layout_basic, mainiacjoe_overflow_catwalk_spiral,
          lexackson_kobold_supper
D:4:      layout_loops_ring, minmay_temple_entry_poolview, uniq_ijyb
D:5:      layout_loops_ring, serial_demonic, serial_demonic_e, serial_demonic_g,
          serial_demonic_g, serial_demonic_a, serial_demonic_b,
          serial_demonic_a, serial_demonic_d, serial_demonic_f,
          serial_demonic_a, serial_demonic_a
D:6:      layout_gridville
D:7:      layout_basic, hangedman_decor_lopped, uniq_maggie
Temple:   nicolae_temple_bog_church

Skill      XL: |  1  2  3  4  5  6  7  8 |
---------------+-------------------------+-----
Polearms       | 3 4 5 6 7 9 |  9.6
Fighting       | 4 5 |  5.3
Invocations    | 1 2 4 |  4.2
Armour         | 4 5 |  5.4
Shields        | |  3.0

Action                     |  1- 3 |  4- 6 |  7- 9 || total
---------------------------+-------+-------+-------++-------
  Melee: Trident           |    47 |   156 |   180 ||   383
         Kick              |     8 |    28 |    48 ||    84
         Peck              |     4 |    18 |    26 ||    48
         Spear             |       |       |     8 ||     8
 Invoke: Heroism           |       |       |     1 ||     1
  Evoke: Wand              |       |     2 |     3 ||     5
    Use: Scroll            |       |     5 |     7 ||    12
         Potion            |       |     1 |     1 ||     2
 Armour: Chain mail        |    20 |    94 |    79 ||   193
         Ring mail         |       |       |    25 ||    25
  Dodge: Dodged            |     6 |    45 |   106 ||   157
  Block: Buckler           |     3 |     9 |    39 ||    51

Table legend: (Time is in decaauts)
 A = Elapsed time spent in this place.
 B = Non-inter-level travel time spent in this place.
 C = Inter-level travel time spent in this place.
 D = Time resting spent in this place.
 E = Time spent auto-exploring this place.
 F = Levels seen in this place.
 G = Mean time per level.
                   A        B        C        D        E       F      G
               +--------+--------+--------+--------+--------+-----+--------+
         Total |   5510 |   5164 |    346 |     75 |   4242 |   8 |  688.8 |
       Dungeon |   5487 |   5162 |    325 |     75 |   4242 |   7 |  783.9 |
        Temple |     22 |      1 |     21 |      0 |      0 |   1 |   22.0 |
               +--------+--------+--------+--------+--------+-----+--------+

Top non-repeatable levels by time:
     D:3: 927 daAuts
     D:4: 915 daAuts
     D:2: 906 daAuts
     D:6: 853 daAuts
     D:5: 754 daAuts
     D:1: 749 daAuts
     D:7: 380 daAuts
  Temple: 22 daAuts
